 Dungeon Crawl Stone Soup version 0.31.0-11-ge490571c62 (webtiles) character file.

Game seed: 13967751922295910191

0 Flugkiller the Firebug (level 1, -2/14 HPs)
             Began as a Ghoul Fire Elementalist on Jan 29, 2024.
             Slain by a quokka (3 damage)
             ... on level 1 of the Dungeon.
             The game lasted 00:00:07 (136 turns).

Flugkiller the Firebug (Ghoul Fire Elementalist)     Turns: 136, Time: 00:00:08

Health: -2/14      AC:  2    Str: 11    XL:     1   Next: 0%
Magic:  0/3        EV: 12    Int: 14    God:
Gold:   21         SH:  0    Dex:  9    Spells: 2/3 levels left

rFire   . . .        (no weapon)
rCold   + . .        (no shield)
rNeg    + + +        a - +0 robe
rPois   ∞            (no helmet)
rElec   .            (no cloak)
rCorr   .            (no gloves)
SInv    .            (no boots)
Will    .....        (no amulet)
Stlth   ++           (no ring)
HPRegen 0.00/turn    (no ring)
MPRegen 0.08/turn

%: no passive effects
@: inhibited regen
A: claws 1, cold resistance 1, negative energy resistance 3, inhibited
regeneration, torment resistance 2, devour on kill
a: no special abilities


You were on level 1 of the Dungeon.
You visited 1 branch of the dungeon, and saw 1 of its levels.

You collected 21 gold pieces.

Inventory:

Armour
 a - a +0 robe (worn)
Scrolls
 c - a scroll of identify {unknown}
Potions
 b - a potion of magic


   Skills:
 - Level 1.7 Dodging
 - Level 2.1 Stealth
 + Level 1.7 Spellcasting
 + Level 0.7 Conjurations
 * Level 2.4 Fire Magic


You had 2 spell levels left.
You knew the following spells:

 Your Spells              Type           Power      Damage    Failure   Level
a - Foxfire               Conj/Fire      20%        2x1d5     13%         1

Your spell library contained the following spells:

 Spells                   Type           Power      Damage    Failure   Level
 Scorch                   Fire           14%        2d5       14%         2
 Inner Flame              Hex/Fire       4%         N/A       41%         3
 Volatile Blastmotes      Fire/Tloc      8%         2d10      41%         3
 Flame Wave               Conj/Fire      5%         2d5       77%         4


Dungeon Overview and Level Annotations

Branches:
Dungeon (1/15) Zot: 5863

Altars:


Innate Abilities, Weirdness & Mutations

You are immune to poison.
You have sharp fingernails.
Your flesh is cold resistant. (rC+)
You are immune to negative energy. (rN+++)
You do not regenerate when monsters are visible.
You are immune to unholy pain and torment.
You thrive by killing the living.


Message History

Welcome, Flugkiller the Ghoul Fire Elementalist.
It is said that the Orb of Zot exists deep within this dungeon.
Press ? for a list of commands and other information.
Found a staircase leading out of the dungeon.
You now have 10 gold pieces.
c - a scroll labelled WUSMIB UVAS
Found a leather armour.
You see here a +0 leather armour.
You open the door.
There is an open door here.
You now have 21 gold pieces (gained 11).
A quokka comes into view.
Unknown command.
A quokka is nearby!
Unknown command.
A hobgoblin comes into view.
Casting: Foxfire (safe; 13% risk of failure)
Confirm with . or Enter, or press ? or * to list all spells.
You conjure some foxfire!
Casting: Foxfire (safe; 13% risk of failure)
Confirm with . or Enter, or press ? or * to list all spells.
You miscast Foxfire.
You are very lightly contaminated with residual magic.
Nothing appears to happen.
The hobgoblin shouts!
The foxfire hits the quokka but does no damage.
The foxfire hits the hobgoblin.
The hobgoblin is severely wounded.
The quokka attacks as it pursues you! The quokka bites you.
The quokka twitches its whiskers.
The quokka attacks as it pursues you! The quokka bites you.
Casting: Foxfire (safe; 13% risk of failure)
Confirm with . or Enter, or press ? or * to list all spells.
You conjure some foxfire!
The quokka bites you.
Your foxfire dissipates!
The foxfire hits the quokka.
The quokka is heavily wounded.
You are too injured to fight recklessly!
You are too injured to fight recklessly!
You scratch the quokka.
The quokka is severely wounded.
The quokka misses you. The quokka closely misses you.
You scratch the quokka but do no damage.
The quokka is severely wounded.
The quokka bites you.
* * * LOW HITPOINT WARNING * * *
Your magical contamination has completely faded away.
You barely miss the quokka.
The quokka is severely wounded.
The hobgoblin hits you but does no damage.
The quokka closely misses you.
You barely miss the quokka.
The quokka is severely wounded.
The hobgoblin barely misses you. The quokka barely misses you.
You completely miss the quokka.
The quokka is severely wounded.
The quokka misses you.
The hobgoblin hits you but does no damage.
You closely miss the quokka.
The quokka is severely wounded.
The quokka misses you.
The hobgoblin hits you but does no damage.
The quokka bites you.
You die...

#.# .. .## .# ..# ###.
..# ####..# ####.. ..#
###.....##...... .#
##..........# ###
##.....g...### ..##
#.....@r...# ...##
##..........#
#...#+####...........#
##....#..............#
##..#....#..........##
#...#######.........#
...## # #.........#
..## .# ##........#
.## .# ##.......#


You could see a quokka and a hobgoblin.

Vanquished Creatures (others)
  3 foxfires (D:1)
3 creatures vanquished.

Notes
Turn   | Place    | Note
-------+----------+-------------------------------------------
     0 | D:1      | Flugkiller the Ghoul Fire Elementalist began the quest for
                  | the Orb.
     0 | D:1      | Reached XP level 1. HP: 14/14 MP: 3/3
   136 | D:1      | Slain by a quokka

Illustrated notes

Levels and vault maps discovered:
D:1:      dpeg_cavernosity, layout_rooms

Action                     || total
---------------------------++-------
  Melee: Unarmed           ||     6
   Cast: Foxfire           ||     2
 Armour: Robe              ||     8
  Dodge: Dodged            ||     7
